[Event "Late-Titled-Tuesday-Blitz-July-09-2024"]
[Site "Chess.com"]
[Date "2024.07.09"]
[Round "10"]
[White "Fandorine"]
[Black "VladimirKramnik"]
[Result "1/2-1/2"]
[WhiteElo "2939"]
[BlackElo "2989"]
[TimeControl "180+1"]
[EndTime "15:55:11 PDT"]
[Termination "Game drawn - insufficient material"]

1. c4 e6 2. g3 d5 3. Bg2 Nf6 4.
Nf3 dxc4 5. Qa4+ Bd7 6. Qxc4 c5 7. Ne5 Qc8 8. Qd3 Nc6 9. Nxd7 Nxd7 10. Qb5 Be7 11.
Bxc6 bxc6 12. Qa4 h5 13. h3 Nb6 14. Qe4 Qd7 15. Nc3 f5 16. Qg2 c4 17. b3 Bf6 18.
O-O O-O 19. Rb1 Rab8 20. bxc4 Nxc4 21. Rxb8 Rxb8 22. d3 Nb6 23. Bd2 Nd5 24. Nxd5 Qxd5 25. Bf4 Qxg2+ 26. Kxg2 Rb2 27. e4 fxe4 28. dxe4 Bd4 29.
a4 e5 30. Bg5 c5 31. Kf3 c4 32. Be3 c3 33. Rd1 Rb4 34. a5 Kf7 35. Ke2 Ra4 36. Kd3 Bxe3 37. fxe3 Rxa5 38. Kxc3 Ra3+ 39. Kd2 Ra2+ 40. Kd3 a5 41. Rf1+ Ke6 42. Rf8 Rg2 43. g4 hxg4 44. hxg4 a4 45. Re8+ Kf6 46. Rf8+ Kg6 47.
Ra8 Rxg4 48. Rxa4 Rg2 49. Ra5 Kf6 50. Ra6+ Kf7 51. Ra5 Ke6 52. Ra6+ Ke7 53. Ra5 Kf6 54. Ra6+ Kf7 55. Ra5 Kg6 56. Rxe5 Kf6 57. Rf5+ Ke6 58. Ra5 g5 59. Ra6+ Ke5 60. Ra5+ Ke6 61. Rf5 g4 62.
Rg5 Rg1 63. Ke2 g3 64. Kf3 Rf1+ 65. Kxg3 Rg1+ 66. Kf4 Rxg5 67. Kxg5 Ke5 68. Kg4 Kxe4 69. Kg5 Kxe3 1/2-1/2

[Event "Late-Titled-Tuesday-Blitz-July-09-2024"]
[Site "Chess.com"]
[Date "2024.07.09"]
[Round "10"]
[White "miraitrunks"]
[Black "Chessbard1972"]
[Result "1-0"]
[WhiteElo "2051"]
[BlackElo "2253"]
[TimeControl "180+1"]
[EndTime "15:55:14 PDT"]
[Termination "miraitrunks won by checkmate"]

1. e4 c5 2. c3 d5 3. exd5 Qxd5 4. Nf3 Nf6 5. d4 Bg4 6. Be2 e6 7. Na3 cxd4 8. Nb5 Qd8 9. Nfxd4 Bxe2 10. Qxe2 a6 11.
Na3 Be7 12. Bg5 O-O 13. O-O Nbd7 14. Nc4 Rc8 15. Rad1 Qc7 16. Ne3 Rfe8 17. Ng4 Nxg4 18. Qxg4 Bxg5 19. Qxg5 Nf6 20. Rd3 h6 21. Qh4 Qe5 22. Rg3 Kh7 23. Nf3 Qh5 24. Qf4 Nd5 25. Qd4 f6 26. Re1 Rcd8 27. Nh4 Kh8 28. Ng6+ Kh7 29.
Qe4 Qf5 30. Qh4 Ne7 31. Nf4 e5 32. Nh5 Ng6 33. Qg4 Qxg4 34. Rxg4 Rd2 35. Rb4 Re7 36.
g3 Red7 37. Kg2 Rc2 38. Rf1 Rdd2 39. Rxb7 Rxb2 40. Nxf6+ Kh8 41. Rxb2 Rxb2 42. Nd7 Rxa2 43. Nc5 Kg8 44. Re1 Kf7 45. Ne4 Ke6 46. c4 Rc2 47.
Rb1 Rxc4 48. Rb6+ Kf5 49. Nd6+ Kg5 50. Nxc4 e4 51. Rxa6 e3 52. Nxe3 Nf8 53. Rb6 h5 54. Rb8 Ne6 55. Rb5+ Kf6 56. Rd5 g6 57. Rd6 Ke5 58.
Rxe6+ Kxe6 59. Kf3 Kf6 60. Ke4 g5 61. f4 g4 62. Nd5+ Ke6 63. f5+ Kd6 64. Kf4 Kxd5 65. Kg5 Ke5 66. f6 Ke6 67. Kg6 Ke5 68. f7 Ke4 69. f8=Q Ke3 70. Qf4+ Ke2 71. Kxh5 Ke1 72. Kxg4 Ke2 73. h4 Ke1 74. h5 Kd1 75. h6 Kc2 76. h7 Kb3 77. h8=Q Kc2 78. Qd8 Kc3 79. Qfc7+ Kb2 80. Qdb8+ Ka1 81. Qca7# 1-0

[Event "Late-Titled-Tuesday-Blitz-July-09-2024"]
[Site "Chess.com"]
[Date "2024.07.09"]
[Round "10"]
[White "urano56"]
[Black "Zq1"]
[Result "0-1"]
[WhiteElo "2425"]
[BlackElo "2587"]
[TimeControl "180+1"]
[EndTime "15:55:16 PDT"]
[Termination "Zq1 won by resignation"]

1. e4 c5 2. Nf3 d6 3. d4 cxd4 4. Nxd4 Nf6 5. Nc3 Nc6 6. Bg5 g6 7. Qd2 Bg7 8. O-O-O Nxe4 9. Nxc6 Nxd2 10. Nxd8 Nxf1 11.
Rhxf1 f6 12. Be3 Kxd8 13. Nb5 a6 14. Bb6+ Kd7 15. Nc7 Rb8 16. Nd5 e6 17. Nc3 Kc6 18. Ba7 Ra8 19. Be3 b5 20. f4 Bb7 21. g4 f5 22.
gxf5 gxf5 23. Ne2 Rac8 24. Nd4+ Kd7 25. Rg1 Bf6 26. Rd2 Be4 27. Rgd1 d5 28. Nb3 Kd6 29. Bd4 Bxd4 30. Nxd4 Rhg8 31. b3 Rg4 32. Rf1 b4 33.
Kb2 Rcg8 34. a3 bxa3+ 35. Kxa3 Rg1 36. Rff2 R8g2 37. c4 Rxf2 38. Rxf2 dxc4 39. bxc4 Rg2 40. Rf1 Rd2 41. Nb3 Rd3 42. c5+ Kd5 43. Rc1 Kc6 44.
Kb4 Bd5 45. Na5+ Kc7 46. c6 Rd4+ 47. Kc5 Ra4 48. Nb7 Bxc6 49. Nd6 Rxf4 50. Nc4 Re4 51. Rg1 Rg4 52. Re1 Bd5 53. Nb6 Re4 54. Rg1 Rg4 55. Re1 Be4 56. Rd1 Rg7 57. Na8+ Bxa8 58. Rd6 Bd5 59. Rb6 Rg4 60. Rxa6 Rc4+ 61. Kb5 Rc6 62. Ra7+ Kd6 63. Rxh7 Ke5 64. Rh4 Rc2 65. Kb4 Be4 66. Kb3 Rc7 67. Rh8 f4 68. h4 f3 69. h5 Rf7 70. Rd8 f2 71. Kc3 f1=Q 72. Rd2 Qe1 73. h6 Qxd2+ 74. Kxd2 Rh7 75. Ke3 Rxh6 0-1

[Event "Late-Titled-Tuesday-Blitz-July-09-2024"]
[Site "Chess.com"]
[Date "2024.07.09"]
[Round "10"]
[White "Robert_Oros"]
[Black "annasargsyan_m"]
[Result "0-1"]
[WhiteElo "2357"]
[BlackElo "2695"]
[TimeControl "180+1"]
[EndTime "15:55:17 PDT"]
[Termination "annasargsyan_m won on time"]

1. d4 d5 2. c4 c6 3. Nf3 Nf6 4. e3 Bg4 5. cxd5 cxd5 6. Qb3 Qb6 7. Ne5 Bd7 8. Nc3 e6 9. Bb5 Bxb5 10. Qxb5+ Nbd7 11. Qxb6 Nxb6 12. Nb5 Bb4+ 13. Ke2 O-O 14. a3 Be7 15. f3 Na4 16. b3 Nb6 17. Bd2 a6 18. Nc3 Rac8 19. Kd3 Rc7 20. Rhc1 Rfc8 21. a4 Ne8 22. a5 Na8 23. Na4 f6 24. Nd7 Kf7 25. Nab6 Rd8 26. Nxa8 Rxa8 27. Rxc7 Nxc7 28. Rc1 Nb5 29.
Nb6 Rd8 30. f4 e5 31. fxe5 fxe5 32. dxe5 Ke6 33. Rc8 Kxe5 34. Rxd8 Bxd8 35. Na4 g6 36. Be1 Kd6 37. Bg3+ Kc6 38. Be1 Nd6 39. Bb4 Ne4 40. Be1 Nc5+ 41. Nxc5 Kxc5 42. b4+ Kc6 43. Bc3 b6 44.
axb6 Bxb6 45. Be1 Kb5 46. Bd2 Ba7 47. Be1 Ka4 48. h3 Kb3 49. Bd2 Bb6 50. Be1 Ka4 51. Bd2 Kb5 52. Be1 Kc6 53. Bc3 Bc7 54. Be1 Bd8 55. Bc3 Be7 56. Bd2 Bf8 57. Be1 Kb5 58.
Kd4 Bxb4 59. Bxb4 Kxb4 60. Kxd5 a5 61. e4 a4 62. e5 a3 63. e6 a2 64. e7 a1=Q 65.
e8=Q Qa2+ 66. Kd6 Qxg2 67. Qb8+ Kc4 68. Qc7+ Kd3 69. Qxh7 Ke4 70. Ke7 Kf5 0-1

[Event "Late-Titled-Tuesday-Blitz-July-09-2024"]
[Site "Chess.com"]
[Date "2024.07.09"]
[Round "10"]
[White "David_George21"]
[Black "mbachez"]
[Result "1-0"]
[WhiteElo "2493"]
[BlackElo "2606"]
[TimeControl "180+1"]
[EndTime "15:55:20 PDT"]
[Termination "David_George21 won by checkmate"]

1. e4 c6 2. d4 d5 3. Nc3 dxe4 4. Nxe4 Nf6 5. Nxf6+ exf6 6. c3 Bd6 7. Bd3 O-O 8. Ne2 Re8 9. Qc2 h5 10. Be3 Nd7 11.
O-O-O Nf8 12. Kb1 Be6 13. c4 b5 14. d5 cxd5 15. c5 Be5 16. f4 Bc7 17. Bxb5 Re7 18. Nc3 Qb8 19. Bc6 Ba5 20. Bd4 Bxc3 21. Qxc3 Bf5+ 22.
Ka1 Ne6 23. Bxa8 Qxa8 24. Rhe1 Rc7 25. g3 a5 26. Rc1 a4 27. a3 Qa6 28. Bf2 Bd3 29. Qb4 Rb7 30. Qc3 Rb3 31. Qd2 Bc4 32. f5 Ng5 33. Re8+ Kh7 34. Re7 Rf3 35. Bd4 Qb5 36.
Qb4 Qc6 37. Qb6 Qc8 38. c6 Rb3 39. Qc5 Qxf5 40. c7 Ba6 41. c8=Q Bxc8 42. Qxc8 Ne6 43. Qc2 Qxc2 44. Rxc2 Nxd4 45. Rd2 Nf5 46. Rxf7 d4 47. Ra7 Rf3 48. Rxa4 g5 49. Ra5 Kg6 50. a4 Ne3 51. Rb5 d3 52. Ka2 Nc4 53. Rd1 d2 54. Rd5 Rf2 55. b3 Ne3 56. R1xd2 Rf1 57. Rd6 Rf5 58. b4 Nc4 59. R2d5 Nxd6 60. Rxd6 Rf2+ 61. Kb3 Rxh2 62. a5 h4 63. gxh4 Rxh4 64. a6 Rh8 65. a7 g4 66. b5 Kg5 67. b6 Ra8 68. b7 Rb8 69. axb8=Q g3 70. Qg8+ Kf5 71. Rd5+ Ke4 72. Qg4+ Kxd5 73. Qxg3 f5 74. b8=Q Ke6 75. Qbe5+ Kd7 76.
Qgg7+ Kc6 77. Qe6+ Kb5 78. Qge5# 1-0

[Event "Late-Titled-Tuesday-Blitz-July-09-2024"]
[Site "Chess.com"]
[Date "2024.07.09"]
[Round "10"]
[White "Slovak_fighter2000"]
[Black "Seppppppy"]
[Result "1/2-1/2"]
[WhiteElo "2556"]
[BlackElo "2331"]
[TimeControl "180+1"]
[EndTime "15:55:24 PDT"]
[Termination "Game drawn by repetition"]

1. d4 Nf6 2. Bf4 d5 3. e3 e6 4. Nf3 Bd6 5. Bg3 Kd7 6. Ne5+ Bxe5 7. dxe5 Ne8 8. e4 c6 9. c4 Nc7 10. Nc3 Ke8 11. exd5 cxd5 12. cxd5 Nxd5 13. Nxd5 Qxd5 14. Qxd5 exd5 15. Bd3 Nc6 16. Kd2 Be6 17. f4 f5 18.
Bf2 g5 19. g3 gxf4 20. gxf4 Rg8 21. Rhg1 Kd7 22. a3 a6 23. Rac1 Na5 24. Ke2 Nc6 25. b4 Ne7 26. Rxg8 Rxg8 27. Kf1 Ng6 28. Bg3 h5 29. b5 h4 30. bxa6 hxg3 31. hxg3 bxa6 32.
Bxa6 Ra8 33. Bb5+ Kd8 34. Rc6 Bd7 35. Rd6 Nf8 36. Bxd7 Nxd7 37. e6 Ke7 38. Rxd7+ Kxe6 39. Rb7 Rxa3 40. Rb6+ Ke7 41. Kf2 d4 42. Kg2 d3 43. Kf2 d2 44. Rb1 Rd3 45. Rd1 Ke6 46. Ke2 Rxg3 47. Rxd2 Rh3 48. Rd8 Ra3 49. Re8+ Kf6 50.
Kf2 Kg6 51. Rg8+ Kf6 52. Re8 Kf7 53. Re3 Ra4 54. Kf3 Kg6 55. Rb3 Kh5 56. Kg3 Ra1 57. Rb8 Ra3+ 58. Kf2 Kg4 59. Rb4 Rf3+ 60. Kg2 Rg3+ 61.
Kf2 Rh3 62. Kg2 Rc3 63. Kf2 Rc2+ 64. Ke3 Rc3+ 65. Kf2 Rc8 66. Ke3 Re8+ 67. Kf2 Re7 68. Ra4 Rb7 69. Rc4 Rb2+ 70. Ke3 Rb3+ 71. Kf2 Rf3+ 72. Kg2 Re3 73. Kf2 Re8 74. Rb4 Rh8 75.
Kg2 Rc8 76. Kf2 Rc2+ 77. Ke3 Rc3+ 78. Kf2 1/2-1/2

[Event "Late-Titled-Tuesday-Blitz-July-09-2024"]
[Site "Chess.com"]
[Date "2024.07.09"]
[Round "10"]
[White "fugadelafuga"]
[Black "Love7Unicorn"]
[Result "1/2-1/2"]
[WhiteElo "2464"]
[BlackElo "2590"]
[TimeControl "180+1"]
[EndTime "15:55:32 PDT"]
[Termination "Game drawn - insufficient material"]

1. c4 e6 2. Nf3 Nf6 3. b3 a6 4.
Bb2 b5 5. e3 b4 6. d4 Bb7 7.
Be2 a5 8. a3 Be7 9. O-O O-O 10.
axb4 axb4 11. Rxa8 Bxa8 12. Nbd2 c5 13. Bd3 Nc6 14. Ne4 Nxe4 15. Bxe4 d5 16. cxd5 exd5 17. Bd3 Bf6 18. Qc2 cxd4 19. Nxd4 Nxd4 20. Bxd4 Bxd4 21.
exd4 h6 22. Qc5 Qb8 23. Rc1 h5 24. h4 Bb7 25. Qxb4 Qf4 26. Re1 Bc8 27. g3 Qf6 28. Re5 g6 29. Qe7 Qb6 30. Rg5 Bh3 31. Bf1 Bxf1 32.
Kxf1 Qxd4 33. b4 Rc8 34. Re5 Rc1+ 35. Kg2 Rc8 36. b5 Qc5 37. Qd7 d4 38. Re8+ Rxe8 39. Qxe8+ Kg7 40. Qc6 Qe7 41. b6 d3 42. b7 d2 43.
b8=Q d1=Q 44. Qb2+ Kh7 45. Qf3 Qdd6 46. Qbe2 Qxe2 47.
Qxe2 Qf6 48. Qf3 Qe6 49. Qf4 Kg8 50. Qg5 Kf8 51. Qd8+ Kg7 52. Qg5 Qe4+ 53. Kg1 Kf8 54. Qd2 Ke7 55. Qb2 Ke6 56. Qb6+ Kf5 57. Qb5+ Kg4 58.
Qd7+ f5 59. Qd1+ Kh3 60. Qf1+ Kg4 61. Qg2 Qf3 62. Qf1 Qd5 63. Qg2 Qe4 64. Qxe4+ fxe4 65. Kg2 g5 66. hxg5 Kxg5 67. f3 e3 68. f4+ Kg4 69.
Kf1 Kxg3 70. f5 h4 71. f6 h3 72. f7 h2 73. f8=Q h1=Q+ 74. Ke2 Qh2+ 75. Kxe3 Qh4 76. Qg7+ Qg4 77. Qxg4+ Kxg4 1/2-1/2

[Event "Late-Titled-Tuesday-Blitz-July-09-2024"]
[Site "Chess.com"]
[Date "2024.07.09"]
[Round "10"]
[White "grzechu96"]
[Black "carokannlover213"]
[Result "0-1"]
[WhiteElo "2803"]
[BlackElo "2722"]
[TimeControl "180+1"]
[EndTime "15:55:38 PDT"]
[Termination "carokannlover213 won on time"]

1. e4 g6 2. d4 Bg7 3. Nf3 c6 4. Nc3 d5 5. h3 dxe4 6. Nxe4 Nf6 7. Bd3 O-O 8. Bg5 Nbd7 9. Qe2 c5 10. Nxc5 Nxc5 11. dxc5 Qa5+ 12. c3 Qxc5 13. O-O h6 14. Be3 Qc7 15. Bd4 Nd5 16. Bxg7 Kxg7 17. Rfe1 Re8 18.
Bc4 Nb6 19. Bb3 e5 20. Rad1 Bf5 21. Qb5 Bd7 22. Qa5 e4 23. Nd4 Re5 24. Qa3 Rae8 25.
Nc2 Bb5 26. Qd6 Qc8 27. Qd4 Kg8 28. a4 Bd3 29. Rxd3 exd3 30. Rxe5 Rxe5 31. Qxe5 dxc2 32.
Bxc2 Nc4 33. Qe2 Qc7 34. Bb3 Nd6 35. Bd5 a5 36. Qe5 Qd7 37. Qd4 Qe7 38. Qe3 Qd7 39. Qe5 Ne8 40. Kh2 Ng7 41. Bb3 Nf5 42. Qf6 Kf8 43.
Qh8+ Ke7 44. Qe5+ Kf8 45. Qxa5 Qd6+ 46. Kg1 Qd2 47. Qb4+ Kg7 48. Qxb7 Qc1+ 49. Kh2 Qf4+ 50. Kg1 Qc1+ 51. Kh2 Qf4+ 52. g3 Qxf2+ 53. Qg2 Qe1 54.
Bd5 Ne3 55. Qe4 Qd2+ 56. Kg1 Qe1+ 57. Kh2 Qd2+ 58. Kg1 Nxd5 59. Qd4+ Qxd4+ 60. cxd4 Nb4 61. Kf2 Kf6 62. Ke3 Ke6 63. Kd2 Kd5 64. Kc3 Nc6 65. b4 Nxd4 66. b5 Kc5 67. Kd3 f5 68. Ke3 g5 69.
Kd3 Ne6 70. Ke3 f4+ 71. gxf4 Nxf4 72. h4 Ng2+ 73. Ke4 Nxh4 74. Ke5 Kb6 75. Kd6 g4 0-1

[Event "Late-Titled-Tuesday-Blitz-July-09-2024"]
[Site "Chess.com"]
[Date "2024.07.09"]
[Round "10"]
[White "ninjatrick"]
[Black "swayamsm"]
[Result "1/2-1/2"]
[WhiteElo "2505"]
[BlackElo "2618"]
[TimeControl "180+1"]
[EndTime "15:55:43 PDT"]
[Termination "Game drawn by repetition"]

1. Nf3 Nf6 2. c4 b6 3. b3 Bb7 4. e3 g6 5. Bb2 Bg7 6. d4 O-O 7. Nc3 d5 8. cxd5 Nxd5 9. Be2 c5 10. O-O Nc6 11. Nxd5 Qxd5 12. Bc4 Qd7 13. Qe2 cxd4 14. exd4 e6 15. Rad1 Ne7 16. Ba3 Rfe8 17. Bb5 Bc6 18.
Bxc6 Nxc6 19. Qb5 Rad8 20. Bb2 Qd5 21. Qe2 Rc8 22. Ne5 Red8 23. h3 Rc7 24. Rfe1 Rdc8 25.
Nc4 Ne7 26. Ne3 Qa5 27. d5 Nxd5 28. Nxd5 exd5 29. Bxg7 Kxg7 30. Qe5+ Kg8 31. Rxd5 Qxa2 32. Qf6 Qc2 33. Kh2 Qc3 34. Rd8+ Rxd8 35. Qxd8+ Kg7 36. Re8 Kh6 37. Qh4+ Kg7 38. Qd8 Kh6 39. Re4 Rc5 40. Qf8+ Qg7 41. Rh4+ Rh5 42. Rxh5+ gxh5 43. Qd6+ Qg6 44.
Qf8+ Qg7 45. Qd6+ f6 46. Qf4+ Qg5 47. Qf3 Qe5+ 48. g3 h4 49. Qg4 hxg3+ 50. fxg3 Qb2+ 51. Kh1 Qc1+ 52. Kh2 Qd2+ 53. Kh1 Qe1+ 54. Kh2 Qf2+ 55.
Kh1 f5 56. Qg8 Qf1+ 57. Kh2 Qf2+ 58. Kh1 Qf3+ 59. Kh2 Qe2+ 60. Kh1 Qd1+ 61. Kh2 Qc2+ 62. Kh1 Qc6+ 63. Kh2 Qg6 64. Qf8+ Kh5 65. Qd8 Qg5 66. Qe8+ Qg6 67. Qd8 Kh6 68. Qh4+ Kg7 69. Qe7+ Qf7 70. Qg5+ Kf8 71. Qd8+ Kg7 72. Qg5+ Kh8 73. Qd8+ Kg7 74. Qg5+ 1/2-1/2

[Event "Late-Titled-Tuesday-Blitz-July-09-2024"]
[Site "Chess.com"]
[Date "2024.07.09"]
[Round "10"]
[White "Jahonas"]
[Black "TokChess"]
[Result "1/2-1/2"]
[WhiteElo "2444"]
[BlackElo "2571"]
[TimeControl "180+1"]
[EndTime "15:55:46 PDT"]
[Termination "Game drawn by agreement"]

1. d4 c5 2. c3 cxd4 3. cxd4 d5 4. Nc3 Nc6 5. Nf3 Nf6 6. Bf4 a6 7. e3 Bg4 8. Be2 e6 9. h3 Bxf3 10. Bxf3 Bd6 11. Bxd6 Qxd6 12. O-O O-O 13. a3 Rfc8 14. Qd3 Na5 15. Rac1 Nc4 16. Rc2 b5 17. e4 Qd7 18. Rfc1 Rd8 19. exd5 exd5 20. a4 Rab8 21. axb5 axb5 22. b3 Nd6 23. Nxd5 Nxd5 24. Bxd5 Nf5 25.
Rc5 Ne7 26. Be4 g6 27. d5 b4 28. h4 h5 29. g3 Qd6 30. Qf3 Rd7 31. Kg2 Rbd8 32.
R1c4 Rb8 33. Qd3 Qe5 34. Qd4 Qd6 35. Rxb4 Rxb4 36. Qxb4 Kh7 37. Qc4 Rb7 38. b4 Ng8 39.
b5 Nf6 40. Bf3 Rd7 41. Rc6 Qe5 42. b6 Rb7 43. Rc7 Rxb6 44. Rxf7+ Kg8 45. Ra7 Rd6 46.
Qc8+ Qe8 47. Qxe8+ Nxe8 48. Ra8 Kf7 49. Be4 Nf6 50. f3 Nxd5 51. Ra7+ Kf6 52. Bxd5 Rxd5 53. Ra2 Kf7 54. Kf2 Rd6 55. Ke3 Re6+ 56. Kf4 Rf6+ 57.
Ke4 Re6+ 58. Kd5 Re3 59. Rf2 Kf6 60. Kd4 Re1 61. Kd3 Kf5 62. Re2 Rg1 63. Ke3 Rxg3 64. Rh2 Rg1 65. Kf2 Rd1 66. Kg3 Rg1+ 67. Kf2 Rc1 68. Kg3 Rc3 69. Ra2 Rc5 70. Ra4 Re5 71.
Ra3 Ke6 72. Ra4 Kf5 73. Ra6 Re6 74. Ra5+ Re5 75. Ra8 Re1 76. Rf8+ Ke6 77. Kf4 Ke7 78. Ra8 Rg1 79. Ra7+ Kf6 80. Ra6+ Kg7 81. Ra7+ Kh6 82.
Ra4 Rh1 83. Kg3 Re1 84. Ra5 Re7 85. Kf4 1/2-1/2

[Event "Late-Titled-Tuesday-Blitz-July-09-2024"]
[Site "Chess.com"]
[Date "2024.07.09"]
[Round "10"]
[White "adrivillu"]
[Black "Nemsko"]
[Result "1-0"]
[WhiteElo "2412"]
[BlackElo "2291"]
[TimeControl "180+1"]
[EndTime "15:56:08 PDT"]
[Termination "adrivillu won by resignation"]

1. e3 e5 2. f3 d5 3. Kf2 Nf6 4. Ne2 c5 5. d4 Nc6 6. c3 Bd6 7. Ng3 O-O 8. Bb5 Re8 9. Bxc6 bxc6 10. Nd2 cxd4 11. cxd4 Qb6 12. Nb3 a5 13. Qc2 Ba6 14. Bd2 Bc4 15. Bc3 e4 16. f4 Ng4+ 17. Kg1 Nxe3 18.
Qf2 Ng4 19. Qd2 e3 20. Qd1 Nf2 21. Qh5 g6 22. Qh4 Nxh1 23. Kxh1 a4 24. Nc1 Qd8 25.
Qg4 e2 26. Ncxe2 Bxe2 27. Nxe2 Qe7 28. Ng3 Bb4 29. h4 Bxc3 30. bxc3 Kh8 31. h5 Qf6 32. h6 Re3 33. Rc1 Rae8 34. f5 Rg8 35. Qf4 Re7 36. Rf1 g5 37. Qg4 Qxh6+ 38. Nh5 f6 39. Kg1 Re4 40. Qd1 Rh4 41. Ng3 Rf4 42. Re1 Rf8 43. Re7 Qh4 44. Qd3 Rg4 45. Nf1 Rf4 46. Qe2 Qg4 47. Qe3 Qh5 48. Rc7 Re4 49. Qg3 Qg4 50.
Qxg4 Rxg4 51. Rxc6 Rf4 52. Ne3 Re8 53. Nxd5 Rxf5 54.
Nxf6 Re1+ 55. Kh2 Kg7 56. Ng4 h5 57. Ne5 h4 58. c4 Rd1 59. Rd6 Rff1 60. Kh3 Rd3+ 61.
Kg4 Ra3 62. Kxg5 Rg3+ 63. Kxh4 Rxg2 64. Kh3 Rxa2 65. Rg6+ Kf8 66. Rg3 Rb1 67. d5 Rb3 68.
d6 Rxg3+ 69. Kxg3 Ke8 70. c5 Rc2 71. c6 a3 72. d7+ Ke7 73. Nf7 Rd2 74. Ne5 a2 75. c7 Rxd7 76. c8=Q Rd3+ 77. Nxd3 a1=Q 78. Qc5+ Kd7 79. Qd5+ Kc7 80. Qc5+ Kb7 81. Qd5+ Kc7 82. Ne5 Qa3+ 83. Kf4 Qd6 84. Qf7+ Kb6 85. Kf5 Qd1 86. Qe6+ Kb5 87. Qe8+ Kb6 88. Qb8+ Kc5 89. Qc7+ Kb4 90. Qb6+ Kc3 91. Qc5+ Kd2 92. Nc4+ Ke1 93. Qe3+ Qe2 94.
Qc1+ Qd1 95. Qc3+ Kf1 96. Ne3+ Ke2 97. Nxd1 1-0

[Event "Late-Titled-Tuesday-Blitz-July-09-2024"]
[Site "Chess.com"]
[Date "2024.07.09"]
[Round "10"]
[White "Jospem"]
[Black "vellottiwizard"]
[Result "0-1"]
[WhiteElo "3084"]
[BlackElo "2784"]
[TimeControl "180+1"]
[EndTime "15:57:14 PDT"]
[Termination "vellottiwizard won on time"]

1. e4 e6 2. d3 d5 3. Nd2 c5 4.
g3 Bd6 5. Bg2 Ne7 6. Ne2 O-O 7.
O-O Nbc6 8. f4 f6 9. Nc3 Bc7 10.
Kh1 a6 11. a4 Rb8 12. Nb3 b6 13. Bd2 Nb4 14. Be1 Bb7 15. Qe2 Ba8 16. a5 Kh8 17. axb6 Bxb6 18. Na4 Qc7 19. Nxb6 Qxb6 20. Bf2 d4 21.
Na5 Qc7 22. Nc4 Rfd8 23. g4 Bc6 24. Bg3 Bb5 25. Na3 Be8 26. f5 e5 27. g5 Ng8 28.
h4 Qe7 29. Bf3 Nc6 30. Qd2 Bf7 31. b3 a5 32. Rg1 Ra8 33. g6 hxg6 34. fxg6 Be6 35.
Nc4 Bxc4 36. bxc4 Nh6 37. Qg2 Qc7 38. Be1 Ne7 39. Bd2 Neg8 40. Ra4 Rdb8 41. Rga1 Rb2 42.
Bd1 Qd7 43. R4a3 a4 44. Kh2 Qc6 45. Kg1 Qd7 46. Bc1 Rbb8 47. Bf3 Ra6 48. Kf1 Rb4 49. Ke2 Rb8 50. Kd1 Rb4 51. Qg3 Rbb6 52. Bg2 Rb4 53. Bh3 Qe8 54. h5 Rbb6 55. Bd2 Ra7 56. Qf3 Raa6 57.
Ke1 Ra7 58. Kf2 Rb2 59. Qd1 f5 60. Bc1 Rb6 61. exf5 Nxf5 62. Kg1 Ngh6 63. Bxh6 Nxh6 64. Qf3 Rf6 65. Qg3 Nf5 66. Qg5 Ne3 67. R1a2 Qc6 68. c3 Qf3 69. Kh2 Nf1+ 70. Bxf1 Qxf1 71. Qxe5 Ra8 72. h6 Rf2+ 73. Rxf2 Qxf2+ 74. Kh3 Qf3+ 75. Kh4 Qf2+ 76. Qg3 Qf6+ 77. Qg5 Qf2+ 78. Qg3 Qf6+ 79. Kh3 Qf5+ 80. Kg2 Re8 81. hxg7+ Kg8 82. Ra2 dxc3 83. Rf2 Qe6 84. Qg5 Qc6+ 85. Kh2 Qd6+ 86. Kg2 Qc6+ 87.
Rf3 Re2+ 88. Kg3 Qd6+ 89. Rf4 Qxd3+ 90. Rf3 Qd6+ 91. Rf4 Re3+ 92. Kh4 Re8 93. Qh6 Qe7+ 94. Kg4 Qxg7 95. Qg5 c2 96. Qd5+ Kh8 97. Kf5 Re5+ 98. Qxe5 Qxe5+ 99. Kxe5 c1=Q 100. Rf7 Kg8 101. Kf6 Qf4+ 102. Ke6 Qxc4+ 103. Ke7 Qe4+ 104. Kf6 Qd4+ 105. Ke7 Qe5+ 106. Kd7 a3 107. Rf1 a2 108. Kc6 a1=Q 109. Rxa1 Qxa1 110. g7 Kxg7 111. Kd5 Kf6 112. Kc4 Ke5 113. Kd3 Kd5 114. Ke2 Qc3 115. Kf2 Ke4 116. Kg2 Kf4 117. Kh2 Kg4 118. Kg2 Qd2+ 119. Kf1 Kg3 0-1

[Event "Late-Titled-Tuesday-Blitz-July-09-2024"]
[Site "Chess.com"]
[Date "2024.07.09"]
[Round "10"]
[White "Sek_Konstantin"]
[Black "OverallStranger"]
[Result "1/2-1/2"]
[WhiteElo "2740"]
[BlackElo "2440"]
[TimeControl "180+1"]
[EndTime "15:57:18 PDT"]
[Termination "Game drawn by 50-move rule"]

1. e4 c5 2. Nf3 Nc6 3. Bb5 g6 4. O-O Bg7 5. Re1 Nf6 6. e5 Nd5 7. Nc3 Nc7 8. Bxc6 dxc6 9. h3 h6 10. d3 O-O 11. a4 a5 12. Be3 b6 13. Qd2 Kh7 14. Rad1 Ne6 15. Ne4 Nd4 16. Nxd4 cxd4 17. Bf4 c5 18. b3 Bb7 19. f3 Qd5 20. Qf2 Rae8 21. Qh4 f5 22. Nd2 Qe6 23. Nc4 Kg8 24. Bxh6 Kf7 25. Bxg7 Kxg7 26. Qf4 Rh8 27. Nd2 Rh5 28. Nf1 Reh8 29. Ng3 Rh4 30. Qg5 f4 31.
Ne2 Qf7 32. e6 Qf6 33. Qxf6+ Kxf6 34. Kf2 Bd5 35. Rd2 Bxe6 36. Nc1 Bf5 37. Rde2 e6 38. Rh1 R4h7 39. Ree1 g5 40. Rhg1 Rb7 41. Ne2 Rbh7 42. Ra1 Rb7 43. Rge1 Rbh7 44. Ng1 Rd7 45. Re2 Rb8 46.
Ree1 b5 47. axb5 Rxb5 48. Ra3 Ra7 49. Rea1 Ke5 50. Ne2 Kd5 51. Ke1 Kc6 52. Kd2 Kb6 53. h4 e5 54. hxg5 Rg7 55. Rh1 Rxg5 56. Rh6+ Rg6 57.
Rxg6+ Bxg6 58. Ra1 Ka6 59. Rh1 Rb6 60. Rh8 Bf5 61.
g4 fxg3 62. Nxg3 Bd7 63. Ne4 Kb5 64. Rh5 Re6 65. Rg5 Bc6 66. Ng3 Bxf3 67. Nf5 Bc6 68. Ng3 e4 69. dxe4 Bxe4 70. Nh5 Rh6 71. Nf4 Rh2+ 72.
Ke1 Rxc2 73. Ne6 Rb2 74. Nxd4+ Kb4 75. Ne6 Kxb3 76. Nxc5+ Kc4 77. Nxe4 Kd3 78. Nc5+ Ke3 79. Rg3+ Kd4 80. Nb3+ Kc4 81. Nxa5+ Kd4 82. Nb3+ Ke4 83. Nd2+ Kf4 84. Rd3 Rb8 85. Ke2 Rh8 86. Rd4+ Ke5 87. Nf3+ Ke6 88. Ke3 Ra8 89. Re4+ Kf5 90. Re5+ Kf6 91.
Rc5 Ra3+ 92. Kf4 Ra4+ 93. Ke3 Ra3+ 94. Ke4 Ra4+ 95. Nd4 Kg6 96. Rc6+ Kg5 97. Rc5+ Kg4 98. Ke5 Ra1 99. Rc4 Re1+ 100. Kf6 Kg3 101. Nf5+ Kf3 102. Rc3+ Ke4 103. Rc4+ Kd5 104. Rd4+ Kc5 105. Rd2 Rf1 106. Ke5 Re1+ 107. Kf4 Rf1+ 108. Ke4 Re1+ 109. Ne3 Kc6 110. Rc2+ Kd7 111. Kd4 Rh1 112. Nd5 Rh4+ 113. Kc5 Rh5 114. Re2 Rg5 115. Re7+ Kd8 116. Rb7 Rg1 117. Kd6 Rg6+ 118. Ke5 Rg1 119. Ke6 Rg6+ 120. Nf6 Kc8 121. Rh7 Rg1 122. Kd6 Rd1+ 123. Nd5 Kb8 124. Kc6 Rc1+ 125. Kd6 Rd1 126. Rh8+ Kb7 127. Rh7+ Ka6 128. Kc6 Rc1+ 129. Kd6 Rd1 130. Rh4 Kb5 131. Rb4+ 1/2-1/2

[Event "Late-Titled-Tuesday-Blitz-July-09-2024"]
[Site "Chess.com"]
[Date "2024.07.09"]
[Round "10"]
[White "Msb2"]
[Black "Arysya"]
[Result "1/2-1/2"]
[WhiteElo "3081"]
[BlackElo "2920"]
[TimeControl "180+1"]
[EndTime "15:57:37 PDT"]
[Termination "Game drawn by 50-move rule"]

1. d4 Nf6 2. c4 e6 3. Nc3 Bb4 4. e3 O-O 5. Bd2 d5 6. Nf3 b6 7.
cxd5 exd5 8. Rc1 a6 9. Bd3 Re8 10. Ne5 Bb7 11. O-O Nbd7 12. f4 c5 13. a3 Bxc3 14.
Bxc3 c4 15. Bf5 b5 16. Qf3 Nf8 17. Qg3 a5 18. Kh1 Qd6 19. Qe1 Qb6 20. Rd1 Red8 21. Rg1 Ne4 22. Bxe4 dxe4 23. d5 f6 24. Ng4 Rxd5 25.
Rxd5 Bxd5 26. Qg3 Kh8 27. f5 b4 28. Bd4 Qb8 29. Qh4 Nd7 30. Nxf6 gxf6 31. Bxf6+ Nxf6 32. Qxf6+ Kg8 33. Qg5+ Kh8 34. Qf6+ Kg8 35. Rf1 Ra7 36. Rd1 Rf7 37. Qg5+ Rg7 38. Qh6 Qe5 39. axb4 axb4 40. Qb6 Qxf5 41. Qd8+ Kf7 42. Qxd5+ Qxd5 43. Rxd5 Ke6 44.
Rc5 Ra7 45. h4 Ra1+ 46. Kh2 Rc1 47. Kg3 Rc2 48. Kf4 Rxb2 49. Rxc4 b3 50. Rxe4+ Kf6 51.
Rb4 Rxg2 52. Rb6+ Kf7 53. Rxb3 h5 54. Rb7+ Kf6 55. Rb6+ Kf7 56. Kf5 Rg4 57. e4 Rxh4 58. e5 Rg4 59. Rb7+ Ke8 60. Kf6 Rf4+ 61. Ke6 Kf8 62. Rh7 h4 63. Rh5 Re4 64. Kf5 Rb4 65. Kf6 Rf4+ 66. Ke6 Ra4 67. Kf5 Kg7 68. Rg5+ Kf7 69.
Rg1 Rb4 70. Ra1 Kg7 71. Ra7+ Kf8 72. Kg5 h3 73. Rh7 Rb3 74. e6 Re3 75. Kf6 Rf3+ 76.
Ke5 Re3+ 77. Kf5 Ke8 78. Kf6 Rf3+ 79. Ke5 Re3+ 80. Kd5 Rd3+ 81. Ke4 Ra3 82. Ke5 Re3+ 83. Kd5 Rd3+ 84. Ke4 Ra3 85. Kf4 Rb3 86. Kg4 Re3 87. Kg5 Rxe6 88. Rh8+ Kd7 89. Rxh3 Re5+ 90. Kf6 Re6+ 91. Kf5 Rd6 92. Ke5 Re6+ 93. Kd5 Rd6+ 94. Kc5 Rc6+ 95. Kb5 Rg6 96. Rh7+ Kd6 97. Ra7 Rg5+ 98.
Kc4 Rg4+ 99. Kd3 Rh4 100. Ra5 Kc7 101. Rd5 Kb7 102. Rc5 Kb6 103. Rc8 Kb7 104. Rc1 Kb6 105. Kc3 Kb7 106. Rg1 Kb6 107. Rg5 Kc6 108. Kd3 Kd6 109. Ke3 Ke6 110. Kf3 Kf6 111. Rb5 Ra4 112. Rc5 Ke6 113. Rh5 Kf6 114. Ke3 Kg6 115. Rd5 Kf6 116. Rc5 Ke6 117. Kd3 Kd6 118. Rh5 Kc6 119. Rf5 Kd6 120. Rg5 Ke6 121. Kc3 Rh4 122. Rb5 Kf6 123. Ra5 Kg6 124. Rc5 Rh5 125. Rc6+ Kg5 126. Kd4 Rh4+ 127. Ke5 Rh1 128. Rc8 Re1+ 129. Kd4 Kf6 130. Kd3 Re7 131. Kd4 Kf7 132. Kd5 Re1 133. Rc2 Ke7 134. Rd2 Ke8 135. Kd6 Re3 136. Rd4 Re1 137. Rh4 Kf8 138. Kd5 Kg8 139. Re4 1/2-1/2

[Event "Late-Titled-Tuesday-Blitz-July-09-2024"]
[Site "Chess.com"]
[Date "2024.07.09"]
[Round "11"]
[White "EternalNight8"]
[Black "JoJoZP"]
[Result "0-1"]
[WhiteElo "2381"]
[BlackElo "2538"]
[TimeControl "180+1"]
[EndTime "15:59:19 PDT"]
[Termination "JoJoZP won by resignation"]

1. e4 c5 2. Nf3 d6 3. d4 cxd4 4. Nxd4 Nf6 5. Nc3 a6 6. Bg5 Nbd7 7. f4 Qa5 8. Qf3 h6 9. Bxf6 Nxf6 10. f5 g5 11.
fxg6 fxg6 12. Bc4 Qc5 13. Bb3 Qxd4 0-1